 Dungeon Crawl Stone Soup version 0.31-a0-277-g31ea1f65cc (webtiles) character file.

Game seed: 6846476979029894659

3670 Shard1697 the Grappler (level 9, -14/81 HPs)
             Began as a Green Draconian Shapeshifter on July 16, 2023.
             Was an Elder of Qazlal.
             Demolished by a hornet (15 damage)
             ... while paralysed by a hornet
             ... on level 8 of the Dungeon.
             The game lasted 00:15:00 (6300 turns).

Shard1697 the Grappler (DrSh)                       Turns: 6300, Time: 00:15:00

Health: -14/81     AC:  7    Str: 18    XL:     9   Next: 89%
Magic:  12/13      EV:  2    Int:  9    God:    Qazlal [****..]
Gold:   444        SH:  0    Dex: 15    Spells: 8/8 levels left

rFire   . .          .
                       - Unarmed
rCold   + . .        (no shield)
rNeg    . . .        (body armour unavailable)
rPois   +            (helmet currently unavailable)
rElec   .            (cloak currently unavailable)
rCorr   .            (gloves currently unavailable)
SInv    .            (boots currently unavailable)
Will    .....        r - amulet of the acrobat
Stlth   +            v - ring of protection from cold
HPRegen 0.33/turn    (no ring)
MPRegen 0.13/turn

%: repel missiles, acrobat
@: paralysed, short of breath, beast-form
A: beast (slay +3), breathe noxious fumes, AC +7, unfitting armour, poison
resistance, cold-blooded
a: Breathe Noxious Fumes, Begin Untransformation, Renounce Religion, Upheaval,
Elemental Force


You were on level 8 of the Dungeon.
You worshipped Qazlal.
Qazlal was greatly pleased with you.
You were a hulking beast.
You visited 1 branch of the dungeon, and saw 8 of its levels.

You collected 444 gold pieces.

Inventory:

Hand Weapons
 b - the +9 sling of Latyhige {heavy, rN+ Int+2}
   (You found it on level 2 of the Dungeon)

   Int:       It affects your intelligence (+2).
   rN:        It protects you from negative energy.
Armour
 d - a +0 buckler
 m - an orb of mayhem
Jewellery
 r - an amulet of the acrobat (around neck)
 v - a ring of protection from cold (left hand)
Talismans
 i - a beast talisman
Wands
 f - a wand of mindburst (6)
 p - a wand of iceblast (6)
 q - a wand of flame (22)
 s - a wand of digging (3)
Scrolls
 h - a scroll of fog
 j - a scroll of poison
 k - 2 scrolls of teleportation {unknown}
 o - a scroll of enchant weapon
 t - 3 scrolls of identify
Potions
 a - 2 potions of lignification
 c - 2 potions of magic
 e - 3 potions of curing
 g - a potion of brilliance
 l - a potion of heal wounds
 n - a potion of mutation
 u - a potion of degeneration {unknown}
 w - a potion of resistance {unknown}


   Skills:
 + Level 7.9 Fighting
 + Level 3.8 Dodging
 - Level 10.0 Unarmed Combat
 + Level 5.8 Invocations
 + Level 4.3 Shapeshifting


You had 8 spell levels left.
You didn't know any spells.
Your spell library contained the following spells:

 Spells                   Type           Power      Damage    Failure   Level
 Foxfire                  Conj/Fire      0%         2x1d4     38%         1
 Iskenderun's Battlesphe  Conj           0%         2d6       100%        5
 Leda's Unmaking          Conj/Erth      0%         9d1       100%        6
 Plasma Beam              Fire/Air       0%         2x1d10    100%        6
 Starburst                Conj/Fire      0%         6d3       100%        6
 Spellforged Servitor     Conj/Summ      0%         N/A       100%        7


Dungeon Overview and Level Annotations

Branches:
Dungeon (8/15)             Temple (0/1) D:5
   Lair: D:8-11

Altars:
Gozag
Makhleb
Qazlal
Ru
Sif Muna
Zin

Shops:
D:1 :   D:2 =   D:6 (


Innate Abilities, Weirdness & Mutations

You are a hulking beast.
Your limbs bulge with bestial killing power. (Slay +3)
You can breathe blasts of noxious fumes.
Your lurid green scales are hard. (AC +7)
You cannot fit into any form of body armour.
Your system is resistant to poisons. (rPois)
You are cold-blooded and may be slowed by cold attacks.


Message History

You catch the helpless two-headed ogre completely off-guard!
You hit the two-headed ogre. Your punch misses the two-headed ogre.
The two-headed ogre is moderately wounded.
You hit the two-headed ogre.
The two-headed ogre is moderately wounded.
The two-headed ogre hits you with a +0 giant club! x2
You punch the two-headed ogre!
The two-headed ogre is moderately wounded.
You hit the two-headed ogre but do no damage.
You punch the two-headed ogre!
The two-headed ogre is severely wounded.
The two-headed ogre completely misses you. x2
You catch the helpless two-headed ogre completely off-guard!
You hit the two-headed ogre.
The two-headed ogre is severely wounded.
You catch the helpless two-headed ogre completely off-guard!
You punch the two-headed ogre!
The two-headed ogre is almost dead.
The two-headed ogre seems less confused.
The two-headed ogre hits you with a +0 giant club!!
You block the two-headed ogre's attack.
You hit the two-headed ogre.
You kill the two-headed ogre!
Qazlal accepts your kill.
Your Shapeshifting skill increases to level 4!
You see here a bullfrog corpse.
You start resting.
A hornet is nearby!
You punch the hornet!
The hornet is moderately wounded.
You block the hornet's attack.
You punch the hornet!
The hornet is almost dead.
The hornet stings you!
* * * LOW HITPOINT WARNING * * *
You suddenly lose the ability to move!
The hornet stings you!
* * * LOW HITPOINT WARNING * * *
You shrug off the repeated paralysis!
The hornet stings you!
You die...

..~~........
.~~~.....#.
...........
..~~......
.........#####
~.........†..#
....~~...###)#
......y.####y#
......y.#..h.#
....O...#†####
..$.....#..[<#
...#.#########
PP .. P P. P..


You could see a hornet.

Vanquished Creatures
  A two-headed ogre (D:8)
  Maggie (D:6)
  A komodo dragon (D:8)
  Prince Ribbit (D:5)
  Grinder (D:3)
  A wyvern (D:7)
  Eustachio (D:5)
  Edmund (D:3)
  3 black bears
  An ogre (D:4)
  2 phantoms
  Blork the orc (D:5)
  4 bullfrogs
  3 scorpions
  2 jellies
  5 hounds
  A gnoll bouda (D:5)
  3 orc priests
  4 orc wizards
  2 iguanas
  A sleepcap (D:7)
  Robin (D:4)
  9 gnolls
  7 adders
  2 dart slugs
  23 orcs
  4 bats
  8 endoplasms
  5 giant cockroaches
  19 goblins
  11 hobgoblins
  2 quokkas (D:2)
  8 ball pythons
  A frilled lizard (D:1)
  7 kobolds
  8 rats
155 creatures vanquished.

Notes
Turn   | Place    | Note
-------+----------+-------------------------------------------
     0 | D:1      | Shard1697 the Draconian Shapeshifter began the quest for
                  | the Orb.
     0 | D:1      | Reached XP level 1. HP: 17/17 MP: 1/1
   140 | D:1      | Reached XP level 2. HP: 24/24 MP: 2/2
   232 | D:1      | Reached skill level 3 in Unarmed Combat
   252 | D:1      | Found a faded altar of an unknown god.
   261 | D:1      | Prayed at the altar of an unknown god.
   261 | D:1      | Became a worshipper of Qazlal Stormbringer
   261 | D:1      | Reached * piety under Qazlal
   515 | D:1      | Found Toczigg's Book Shop.
   673 | D:2      | Reached XP level 3. HP: 29/29 MP: 3/3
   787 | D:2      | Reached skill level 4 in Unarmed Combat
   787 | D:2      | Reached XP level 4. HP: 28/36 MP: 4/4
   932 | D:2      | Reached ** piety under Qazlal
  1067 | D:2      | Identified the +1 rapier "Iguomar" {drain, Contam rC+ rN+
                  | Int+7}
  1088 | D:2      | Reached skill level 5 in Unarmed Combat
  1186 | D:2      | Identified the +9 sling of Latyhige {heavy, rN+ Int+2}
  1318 | D:2      | Found Ikulilu's One-of-a-Kind Rings.
  1428 | D:2      | Reached XP level 5. HP: 33/41 MP: 5/5
  1862 | D:3      | Noticed Grinder
  1863 | D:3      | Paralysed by Grinder for 3 turns
  1876 | D:3      | Killed Grinder
  1877 | D:3      | Reached skill level 6 in Unarmed Combat
  1877 | D:3      | Reached XP level 6. HP: 51/51 MP: 6/6
  2417 | D:3      | Reached *** piety under Qazlal
  2794 | D:3      | Found an opulent altar of Gozag.
  2940 | D:4      | Noticed Edmund
  3081 | D:3      | Killed Edmund
  3082 | D:3      | Reached skill level 7 in Unarmed Combat
  3082 | D:3      | Your scales start taking on a lurid green colour.
  3082 | D:3      | Reached XP level 7. HP: 36/58 MP: 7/7
  3082 | D:3      | Gained mutation: Your system is resistant to poisons.
                  | (rPois) [Green Draconian growth]
  3490 | D:4      | Noticed Robin
  3537 | D:4      | Killed Robin
  3603 | D:4      | Found a shimmering blue altar of Sif Muna.
  3806 | D:5      | Entered Level 5 of the Dungeon
  3811 | D:5      | Identified the +3 scale mail of Plasticity {Str+5}
  3953 | D:5      | Reached skill level 8 in Unarmed Combat
  4001 | D:5      | Reached skill level 5 in Fighting
  4185 | D:5      | Noticed Prince Ribbit
  4195 | D:5      | Killed Prince Ribbit
  4196 | D:5      | Reached skill level 1 in Invocations
  4196 | D:5      | Reached XP level 8. HP: 51/69 MP: 7/9
  4218 | D:5      | Noticed Blork the orc
  4233 | D:5      | Reached **** piety under Qazlal
  4238 | D:5      | Killed Blork the orc
  4239 | D:5      | Noticed Eustachio
  4249 | D:5      | Killed Eustachio
  4250 | D:5      | Reached skill level 9 in Unarmed Combat
  4494 | D:5      | Found a staircase to the Ecumenical Temple.
  4973 | D:6      | Noticed Maggie
  4992 | D:6      | Killed Maggie
  4993 | D:6      | Reached XP level 9. HP: 49/78 MP: 10/12
  5085 | D:6      | Found a burning altar of Makhleb.
  5130 | D:6      | Found Nudicoh's Antique Weapon Emporium.
  5421 | D:6      | Reached skill level 10 in Unarmed Combat
  6013 | D:7      | Found a sacrificial altar of Ru.
  6017 | D:7      | Found a glowing silver altar of Zin.
  6201 | D:8      | Noticed a two-headed ogre
  6248 | D:8      | Noticed a komodo dragon
  6261 | D:8      | Killed a komodo dragon
  6262 | D:8      | Reached skill level 5 in Invocations
  6294 | D:8      | Killed a two-headed ogre
  6299 | D:8      | Paralysed by a hornet for 1 turns
  6300 | D:8      | HP: 1/81 [hornet (12)]
  6300 | D:8      | Demolished by a hornet

Illustrated notes

Levels and vault maps discovered:
D:1:      lightli_arrival_windingriver, layout_rooms,
          shapermc_ecumenical_altar_mp_highgroup, serial_shops, shop
D:2:      kennysheep_six_static_rooms, layout_basic, nicolae_shop_unique_rings
D:3:      layout_loops_corners, lemuel_round_altar, nicolae_elevator_lobby_plus,
          uniq_grinder
D:4:      layout_cave_pools, general_overflow_altar,
          hangedman_decor_peaks_small, hangedman_decor_slide_cut, uniq_robin,
          uniq_edmund
D:5:      layout_rooms, minmay_temple_entry_hall, uniq_eustachio,
          uniq_prince_ribbit1, uniq_blork_the_orc
D:6:      layout_loops_ring, makhleb_heckhound_becter, serial_shops,
          nicolae_shop_peninsula, chequers_serial_rivers_room_b, uniq_maggie
D:7:      layout_basic, minitemple
D:8:      layout_basic, grunt_lair_entry_orc_guard_hut, uniq_erica

Skill      XL: |  1  2  3  4  5  6  7  8  9 |
---------------+----------------------------+-----
Unarmed Combat | 3 4 5 6 7 8 9 10 | 10.0
Fighting       | 3 5 6 7 |  7.9
Invocations    | 1 4 5 |  5.8
Dodging        | 3 |  3.8
Shapeshifting  | 4 |  4.3

Action                     |  1- 3 |  4- 6 |  7- 9 || total
---------------------------+-------+-------+-------++-------
  Melee: Unarmed           |    66 |   137 |   233 ||   436
         Tailslap          |     9 |    14 |    31 ||    54
         Punch             |     3 |     3 |    18 ||    24
   Fire: Sling             |       |     1 |     3 ||     4
Ability: Breathe Noxious F |       |       |     6 ||     6
    Use: Scroll            |       |     5 |     7 ||    12
         Potion            |       |     2 |       ||     2
   Stab: Invisible         |       |     2 |       ||     2
         Confused          |       |       |    10 ||    10
 Armour: Skin              |    17 |    29 |    51 ||    97
  Dodge: Dodged            |    29 |    72 |    99 ||   200
  Block: Other             |       |    13 |    46 ||    59
         Form:             |     1 |       |       ||     1
         Beast             |     1 |       |       ||     1

Table legend: (Time is in decaauts)
 A = Elapsed time spent in this place.
 B = Non-inter-level travel time spent in this place.
 C = Inter-level travel time spent in this place.
 D = Time resting spent in this place.
 E = Time spent auto-exploring this place.
 F = Levels seen in this place.
 G = Mean time per level.
                   A        B        C        D        E       F      G
               +--------+--------+--------+--------+--------+-----+--------+
         Total |   6252 |   6028 |    224 |    443 |   4308 |   8 |  781.5 |
       Dungeon |   6252 |   6028 |    224 |    443 |   4308 |   8 |  781.5 |
               +--------+--------+--------+--------+--------+-----+--------+

Top non-repeatable levels by time:
     D:3: 1363 daAuts
     D:2: 1171 daAuts
     D:6: 793 daAuts
     D:5: 777 daAuts
     D:4: 730 daAuts
     D:7: 719 daAuts
     D:1: 619 daAuts
     D:8: 75 daAuts
